AoeStats
← ZenSma

QS Arena

503359507Analyzed
1v1 RM · 1mo ago on Aug 31, 2026· 14m 39s· 2 players
Game mode
Random Map
Map size
Tiny (2 player)
Population
200
Speed
Normal
Resources
Standard
Victory
Conquest
Starting age
Dark Age
Ending age
Imperial Age
RankedLock teamsTeams togetherTeam positionsShared explorationLock speedFull tech treeHidden civsTurbo modeCheats
Victory
Defeat
🇨🇳 Shu · China
1040
+17
🇻🇳 Bulgarians · Vietnam
1072
-17
CBMP
8:08 Feudal Age
8:38 Double-Bit Axe
8:36 Horse Collar
15:13 Castle Age
14:39 Forging
ZenSma
7:55 Feudal Age
12:28 Castle Age
11:24 Stone Mining
12:07 Loom
13:32 Fletching
Connection lost

Rejoining the realm…

Still unreachable

The connection could not be restored.

Session expired

The server has moved on; the page needs a fresh start.